 Dungeon Crawl Stone Soup version 0.21-a0-251-g5e8393f (webtiles) character file.

131 tidbits the Insei (level 4, -1/34 HPs)
             Began as a Demigod Transmuter on Sept 5, 2017.
             Slain by an ogre
             ... wielding a +0 giant spiked club
              (19 damage)
             ... on level 5 of the Dungeon.
             The game lasted 00:12:26 (1796 turns).

tidbits the Insei (Demigod Transmuter)              Turns: 1796, Time: 00:12:27

Health: -1/34      AC:  2    Str: 13    XL:     4   Next: 61%
Magic:  9/18       EV: 19    Int: 19    God:
Gold:   135        SH:  0    Dex: 21    Spells: 1/7 levels left

rFire    . . .     SeeInvis .     - Unarmed
rCold    . . .     Gourm    .   (shield currently unavailable)
rNeg     . . .     Faith    .   (armour currently unavailable)
rPois    x         Spirit   .   (helmet currently unavailable)
rElec    .         Reflect  .   (cloak currently unavailable)
rCorr    .         Harm     .   (gloves currently unavailable)
MR       .....                  (boots currently unavailable)
Stlth    ++........             (no amulet)
HPRegen  0.11/turn              A - ring of magical power
MPRegen  0.16/turn              (no ring)

@: spider-form (expiring)
A: high mp 1
a: End Transformation


You were on level 5 of the Dungeon.
You were not hungry.
You were a venomous arachnid creature.
You visited 1 branch of the dungeon, and saw 5 of its levels.

You collected 135 gold pieces.

Inventory:

Hand Weapons
 o - a +1 dagger of protection
   (You found it on level 2 of the Dungeon)
Missiles
 a - 83 arrows
 g - 49 stones (quivered)
 B - 2 tomahawks
Armour
 b - a +0 robe (melded)
 y - a cursed +0 ring mail
 G - a -1 pair of gloves (melded)
Jewellery
 w - an uncursed amulet of guardian spirit
   (You found it on level 2 of the Dungeon)
 A - a ring of magical power (left front leg)
   (You found it on level 4 of the Dungeon)
Scrolls
 h - a scroll of noise {unknown}
 i - 3 scrolls of identify {unknown}
 k - 2 scrolls of teleportation {unknown}
 m - a scroll of enchant armour {unknown}
 p - a scroll of amnesia {unknown}
 q - a scroll of fog {unknown}
 r - 5 scrolls of remove curse
 t - a scroll of fear {unknown}
Potions
 e - 3 potions of might {unknown}
 j - a potion of curing {unknown}
 l - a potion of ambrosia {unknown}
 v - a potion of lignification {unknown}
 x - a potion of degeneration {unknown}
 z - a potion of magic {unknown}
Books
 c - a book of Changes

   Spells                             Type                      Level
   a - Beastly Appendage              Transmutation                1
   b - Sticks to Snakes               Transmutation                2
   c - Spider Form                    Transmutation/Poison         3
   d - Ice Form                       Ice/Transmutation            4
   e - Blade Hands                    Transmutation                5
Comestibles
 d - 2 bread rations
 f - 4 meat rations
 n - 2 royal jellies
 s - 6 chunks of flesh
 u - 4 fruits


   Skills:
 - Level 0.8 Fighting
 - Level 1.7 Dodging
 * Level 4.3 Unarmed Combat
 - Level 2.0 Spellcasting
 + Level 3.0 Transmutations


You had one spell level left.
You knew the following spells:

 Your Spells              Type           Power        Failure   Level  Hunger
e - Beastly Appendage     Tmut           ##....       14%         1    #......
k - Sticks to Snakes      Tmut           ##......     21%         2    ###....
p - Spider Form           Tmut/Pois      #.........   47%         3    ###....


Dungeon Overview and Level Annotations

Branches:
Dungeon (5/15)
 Temple: D:4-7


Innate Abilities, Weirdness & Mutations

You have an increased reservoir of magic. (+10% MP)


Message History

The jackal is heavily wounded.
Your transformation has ended.
Your -1 pair of gloves unmelds from your body.
Your +0 robe unmelds from your body.
The jackal bites you but does no damage.
Casting: Spider Form
Confirm with . or Enter, or press ? or * to list all spells.
You turn into a venomous arachnid creature.
Your -1 pair of gloves melds into your body.
Your +0 robe melds into your body.
The jackal bites you.
You hit the jackal but do no damage.
The jackal looks as sick as possible!
The jackal is almost dead.
You kill the jackal!
You bite the orc!
You kill the orc!
You hit the jackal.
The jackal is poisoned.
The jackal is moderately wounded.
Your transformation is almost over.
The jackal closely misses you.
You bite the jackal!
You kill the jackal!
You bite the orc!
You kill the orc!
You hit the orc.
The orc is lightly wounded.
You bite the orc!
You kill the orc!
Items here: ( ) [ †††† Butcher a jackal corpse? [(y)es/(c)hoosy/(n)o/(a)ll/(e)dible/(q)uit/?]
Butcher an orc corpse? [(y)es/(c)hoosy/(n)o/(a)ll/(e)dible/(q)uit/?]
Okay, then.
You butcher the jackal corpse.
s - 7 chunks of flesh (gained 3)
Items here: ( ) [ ††† Unknown command.
B - a tomahawk Your transformation has ended.
Your -1 pair of gloves unmelds from your body.
Your +0 robe unmelds from your body.
B - 2 tomahawks (gained 1)
You now have 135 gold pieces (gained 10).
Found a stone staircase leading down.
An orc wizard comes into view. It is wielding a dagger.
Casting: Spider Form
Confirm with . or Enter, or press ? or * to list all spells.
You turn into a venomous arachnid creature.
Your -1 pair of gloves melds into your body.
Your +0 robe melds into your body.
You are feeling hungry.
The orc wizard shouts!
You bite the orc wizard!
The orc wizard is poisoned.
The orc wizard is heavily wounded.
The orc wizard barely misses you.
You hit the orc wizard.
The orc wizard looks as sick as possible!
The orc wizard is almost dead.
You kill the orc wizard!
Your Transmutations skill increases to level 3!
Things that are here:
a dagger; a robe Your transformation is almost over.
There is a stone staircase leading down here.
Eat one of 7 chunks of flesh? (ye/n/q)
You eat one of the 7 chunks of flesh.
This raw flesh tastes terrible.
You climb downwards.
An ogre comes into view. It is wielding a giant spiked club.
There is a stone staircase leading up here.
The ogre shouts!
You bite the ogre!
The ogre is moderately wounded.
The ogre barely misses you.
You barely miss the ogre.
The ogre is moderately wounded.
Your transformation has ended.
Your -1 pair of gloves unmelds from your body.
Your +0 robe unmelds from your body.
Casting: Spider Form
Confirm with . or Enter, or press ? or * to list all spells.
You turn into a venomous arachnid creature.
Your -1 pair of gloves melds into your body.
Your +0 robe melds into your body.
The ogre hits you with a giant spiked club!
Ouch! That really hurt!
* * * LOW HITPOINT WARNING * * *
You hit the ogre but do no damage.
The ogre is poisoned.
The ogre is moderately wounded.
You hit the ogre but do no damage.
The ogre is moderately wounded.
The ogre completely misses you.
You hit the ogre.
The ogre looks as sick as possible!
The ogre is heavily wounded.
The ogre completely misses you.
You hit the ogre.
The ogre is severely wounded.
Your transformation is almost over.
You hit the ogre.
The ogre is almost dead.
The ogre hits you with a giant spiked club!!
Ouch! That really hurt!
You die...

... #.# ###.##
. ....
..######.#####
.............#
.............#
...........Os#
........<....#
..############


You could see an ogre.

Vanquished Creatures
  An orc wizard (D:4)
  Terence (D:3)
  An adder (D:2)
  An ooze (D:3)
  A dart slug (D:3)
  A leopard gecko (D:3)
  5 orcs
  2 ball pythons (D:1)
  7 bats
  3 giant cockroaches
  2 goblins (D:1)
  6 hobgoblins
  7 jackals
  2 kobolds
  A quokka (D:2)
  A frilled lizard (D:2)
  6 rats
48 creatures vanquished.

Vanquished Creatures (collateral kills)
  2 worms
  A dart slug (D:2)
  A hobgoblin (D:1)
  A ball python (D:1)
  A frilled lizard (D:3)
  A kobold (D:1)
7 creatures vanquished.

Grand Total: 55 creatures vanquished

Notes
Turn   | Place    | Note
-------+----------+-------------------------------------------
     0 | D:1      | tidbits the Demigod Transmuter began the quest for the Orb.
     0 | D:1      | Reached XP level 1. HP: 15/15 MP: 5/5
    86 | D:1      | Reached skill level 2 in Spellcasting
   202 | D:1      | Reached skill level 3 in Unarmed Combat
   208 | D:1      | Reached XP level 2. HP: 6/22 MP: 2/7
   216 | D:1      | Learned a level 2 spell: Sticks to Snakes
   233 | D:1      | Reached skill level 2 in Transmutations
   827 | D:2      | Reached XP level 3. HP: 20/27 MP: 3/8
   838 | D:2      | Learned a level 3 spell: Spider Form
  1578 | D:3      | Noticed Terence
  1590 | D:3      | Killed Terence
  1590 | D:3      | Reached skill level 4 in Unarmed Combat
  1590 | D:3      | Reached XP level 4. HP: 29/34 MP: 2/9
  1773 | D:4      | Reached skill level 3 in Transmutations
  1782 | D:5      | Entered Level 5 of the Dungeon
  1782 | D:5      | Noticed an ogre
  1796 | D:5      | Slain by an ogre

Vault maps used:
D:1:      roderic_chinese_lattice_arrival, hex_large
D:3:      grunt_temple_overflow_diamond, first_bread, uniq_terence, uniq_grinder
D:5:      item_on_display_a, uniq_duvessa

Skill      XL: |  1  2  3  4 |
---------------+-------------+-----
Spellcasting   | 2 |  2.0
Unarmed Combat | 3 4 |  4.3
Transmutations | 2 3 |  3.0
Fighting       | |  0.8
Dodging        | |  1.7

Action                   |  1- 3 |  4- 6 || total
-------------------------+-------+-------++-------
Melee: Unarmed           |   132 |    25 ||   157
       Headbutt          |    12 |       ||    12
       Kick              |     2 |       ||     2
       Punch             |     3 |       ||     3
 Cast: Beastly Appendage |    20 |       ||    20
       Sticks to Snakes  |    13 |       ||    13
       Spider Form       |     8 |     5 ||    13
  Use: Potion            |     2 |       ||     2
       Scroll            |     1 |       ||     1
 Stab: Distracted        |     1 |       ||     1
       Sleeping          |     1 |       ||     1
  Eat: Chunk             |     4 |     2 ||     6
Armor: Robe              |    15 |     1 ||    16
       Skin              |       |     1 ||     1
Dodge: Dodged            |    88 |    14 ||   102

Table legend:
 A = Spawn XP
 B = Non-spawn XP
 C = Spawn XP percentage of total XP
 D = Spawn monster count
 E = Non-spawn monster count
 F = Spawn count percentage of total count
 G = Total turns spent on level
                    A         B        C        D         E        F      G
               +---------+---------+-------+---------+---------+-------+---------
         Total |      14 |     174 |   7.4 |       8 |      45 |  15.1 |  1796
               +---------+---------+-------+---------+---------+-------+---------
           D:1 |       9 |      28 |  24.3 |       5 |      19 |  20.8 |   592
           D:2 |       4 |      27 |  12.9 |       2 |       8 |  20.0 |   542
           D:3 |       1 |      59 |   1.7 |       1 |       9 |  10.0 |   553
           D:4 |       0 |      60 |   0.0 |       0 |       9 |   0.0 |    95
               +---------+---------+-------+---------+---------+-------+---------

Table legend:
 A = Turns spent in this place as a percentage of turns spent in the entire game.
 B = Non-inter-level travel turns spent in this place as a percentage of non-inter-level travel turns spent in the entire game.
 C = Inter-level travel turns spent in this place as a percentage of turns spent in this place.
 D = Turns resting spent in this place as a percentage of non-inter-level travel turns spent in this place.
 E = Turns spent auto-exploring this place as a percentage of non-inter-level travel turns spent in this place.
 F = Non-inter-level travel turns spent in this place divided by the number of levels of this place that you've seen.
                   A       B       C       D       E      F
               +-------+-------+-------+-------+-------+----------------------
         Total | 100.0 | 100.0 |  11.9 |   0.0 |   0.0 | 316.4
       Dungeon | 100.0 | 100.0 |  11.9 |   0.0 |   0.0 | 316.4
               +-------+-------+-------+-------+-------+----------------------

Table legend:
 A = Kills in this place as a percentage of kills in entire the game.
 B = Kills by you in this place as a percentage of kills by you in the entire game.
 C = Kills by friends in this place as a percentage of kills by friends in the entire game.
 D = Other kills in this place as a percentage of other kills in the entire game.
 E = Experience gained in this place as a percentage of experience gained in the entire game.
 F = Experience gained in this place divided by the number of levels of this place that you have seen.
                   A       B       C       D       E      F
               +-------+-------+-------+-------+-------+----------------------
         Total | 100.0 | 100.0 | 100.0 |   N/A | 100.0 |  37.6
       Dungeon | 100.0 | 100.0 | 100.0 |   N/A | 100.0 |  37.6
               +-------+-------+-------+-------+-------+----------------------

Vault maps used:
D:1:      roderic_chinese_lattice_arrival, hex_large
D:3:      grunt_temple_overflow_diamond, first_bread, uniq_terence, uniq_grinder
D:5:      item_on_display_a, uniq_duvessa
